 Dungeon Crawl Stone Soup version 0.18.1-48-g4cf74bf (webtiles) character file.

172 Kisielow the Changer (level 5, 0/37 HPs)
             Began as a Merfolk Transmuter on June 26, 2016.
             Slain by an orc
             ... wielding a +0 whip
              (3 damage)
             ... on level 3 of the Dungeon.
             The game lasted 00:04:40 (3255 turns).

Kisielow the Changer (Merfolk Transmuter)           Turns: 3255, Time: 00:04:41

Health: 0/37       AC:  2    Str: 15    XL:     5   Next: 53%
Magic:  6/8        EV: 21    Int: 14    God:
Gold:   134        SH:  0    Dex: 19    Spells: 2 memorised, 4 levels left

rFire  . . .     SeeInvis .       - Unarmed
rCold  . . .     Gourm    .     (armour currently unavailable)
rNeg   . . .     Faith    .     (shield currently unavailable)
rPois  x         Spirit   .     (helmet currently unavailable)
rElec  .         Dismiss  .     (cloak currently unavailable)
rCorr  .         Reflect  .     (gloves currently unavailable)
SustAt .         Harm     .     (boots currently unavailable)
MR     .....                    (no amulet)
Stlth  ++........               (no ring)
                                (no ring)

@: mighty, lethally poisoned (0 -> -26), spider-form, not resistant to hostile
enchantments, unstealthy
A: (change form in water), (swift swim)
a: End Transformation


You were on level 3 of the Dungeon.
You were not hungry.
You were a venomous arachnid creature.
You visited 1 branch of the dungeon, and saw 3 of its levels.

You collected 134 gold pieces.

Inventory:

Missiles
 a - 31 arrows
Armour
 b - a +0 robe (melded)
Scrolls
 e - 2 scrolls of random uselessness {unknown}
 f - a scroll of blinking {unknown}
 g - 4 scrolls of identify {unknown}
 h - 2 scrolls of remove curse {unknown}
 l - a scroll of fog {unknown}
 o - a scroll of immolation {unknown}
 p - a scroll of recharging {unknown}
Potions
 j - a potion of lignification {unknown}
 k - a potion of might
 m - a potion of heal wounds {unknown}
 n - a potion of flight {unknown}
 q - a potion of beneficial mutation {unknown}
Books
 c - a book of Changes

   Spells                             Type                      Level
   a - Beastly Appendage              Transmutation                1
   b - Sticks to Snakes               Transmutation                2
   c - Spider Form                    Transmutation/Poison         3
   d - Ice Form                       Ice/Transmutation            4
   e - Blade Hands                    Transmutation                5
 s - a book of Dreams

   Spells                             Type                      Level
   a - Ensorcelled Hibernation        Hexes/Ice                    2
   b - Silence                        Hexes/Air                    5
   c - Darkness                       Hexes                        6
   d - Shadow Creatures               Summoning                    6
Comestibles
 d - 2 bread rations
 i - a beef jerky
 r - 3 chunks of flesh
 t - 2 slices of pizza


   Skills:
 - Level 1.3 Fighting
 - Level 2.6 Dodging
 - Level 4.2 Unarmed Combat
 - Level 2.1 Spellcasting
 + Level 4.9 Transmutations
 - Level 3.0 Poison Magic


You had 4 spell levels left.
You knew the following spells:

 Your Spells              Type           Power        Failure   Level  Hunger
a - Beastly Appendage     Trmt           ###...       10%         1    #......
q - Spider Form           Trmt/Pois      ##........   32%         3    ###....


Dungeon Overview and Level Annotations

Branches:
Dungeon (3/15)

Altars:
Elyvilon
Pakellas
Zin


Message History

The orc hits you with a hand axe.
You hit the orc wizard.
The orc wizard looks even sicker.
The orc wizard is heavily wounded.
You feel sick.
The orc wizard hits you with a dagger of venom.
* * * LOW HITPOINT WARNING * * *
The orc hits you with a whip.
* * * LOW HITPOINT WARNING * * *
The orc closely misses you. x2
Drink which item? (? for menu, Esc to quit)
It was a potion of might.
You feel very mighty all of a sudden.
* * * LOW HITPOINT WARNING * * *
You feel very sick.
You kill the orc wizard!
The orc completely misses you. The orc misses you.
You barely miss the orc.
* * * LOW HITPOINT WARNING * * *
You feel sick. The orc misses you. The orc hits you with a whip.
You die...

###.........# #.........
#...#.....#.# +.....)...
#..#.#...#..# #.........
#...#.(.#...# #.........
#.....#.....# #.........
#.....##....# #####.###.
###.###.#...# #.#... #.#
#..#..# ..#.## #.#
#)so#.# ...#.# #.#
#.oo.## ....#.##
##.###....# ... #.>.
#...##...#.. #...
#...##..#.... #)..
#...##.#.....!# #...
#...### ...[... #...
#....################...
#.............'.........


You could see 3 orcs.

Vanquished Creatures
  An orc wizard (D:3)
  6 adders (D:2)
  4 worms
  4 dart slugs
  4 giant geckos
  An orc (D:3)
  2 giant cockroaches
  4 goblins
  6 hobgoblins
  10 jackals
  8 kobolds
  9 bats
  3 giant newts
  3 rats
65 creatures vanquished.

Notes
Turn   | Place    | Note
--------------------------------------------------------------
     0 | D:1      | Kisielow the Merfolk Transmuter began the quest for the Orb.
     0 | D:1      | Reached XP level 1. HP: 15/15 MP: 3/3
   157 | D:1      | Reached XP level 2. HP: 21/21 MP: 5/5
   693 | D:1      | Reached XP level 3. HP: 10/26 MP: 6/6
   881 | D:1      | Learned a level 3 spell: Spider Form
  1470 | D:2      | Reached skill level 1 in Poison Magic
  1684 | D:2      | Reached XP level 4. HP: 15/32 MP: 7/7
  1928 | D:2      | Found a white marble altar of Elyvilon.
  2405 | D:2      | Reached XP level 5. HP: 37/37 MP: 8/8
  2746 | D:2      | Found an oddly glowing altar of Pakellas.
  2746 | D:2      | Found a glowing silver altar of Zin.
  3255 | D:3      | Slain by an orc

Skill      XL: |  1  2  3  4  5 |
---------------+----------------+-----
Unarmed Combat | 4 |  4.2
Transmutations | 3 4 |  4.9
Poison Magic   | 1 2 3 |  3.0
Fighting       | |  1.3
Dodging        | |  2.6
Spellcasting   | |  2.1

Action                   |  1- 3 |  4- 6 || total
-------------------------+-------+-------++-------
Melee: Unarmed           |   132 |   128 ||   260
       Headbutt          |     1 |     3 ||     4
       Punch             |     1 |     1 ||     2
 Cast: Beastly Appendage |     2 |     1 ||     3
       Spider Form       |       |     3 ||     3
  Use: Potion            |       |     1 ||     1
 Stab: Sleeping          |     2 |     1 ||     3
  Eat: Chunk             |     3 |     5 ||     8
Armor: Robe              |    21 |    15 ||    36
       Skin              |       |     1 ||     1
Dodge: Dodged            |    84 |    82 ||   166
